 Dungeon Crawl Stone Soup version 0.16-a0-3389-g45633df (webtiles) character file.

29 Kemay the Insei (level 3, -1/23 HPs)
             Began as an Octopode Transmuter on Dec 30, 2014.
             Slain by Sigmund
             ... wielding a +1 scythe of flaming
              (6 damage)
             ... on level 2 of the Dungeon.
             The game lasted 00:03:10 (1037 turns).

Kemay the Insei (Octopode Transmuter)               Turns: 1037, Time: 00:03:11

Health: -1/23      AC:  1    Str:  9    XL:     3   Next: 16%
Magic:  6/6        EV: 13    Int: 16    God:
Gold:   37         SH:  0    Dex: 12    Spells: 1 memorised, 5 levels left

rFire  . . .     SeeInvis .       - Unarmed
rCold  . . .     Clarity  .     (no shield)
rNeg   . . .     SustAb   .     (helmet restricted)
rPois  .         Gourm    .     (no amulet)
rElec  .         Spirit   .     (no ring)
rCorr  .         Warding  .     (no ring)
rMut   .         Stasis   .     (no ring)
MR     .....                    (no ring)
Stlth  ++........               (no ring)
                                (no ring)
                                (no ring)
                                (no ring)

@: appendage (expiring), not resistant to hostile enchantments, unstealthy
A: almost no armour, amphibious, 8 rings, constrict 8, tentacle spike 3,
camouflage 1, gelatinous body 1
a: End Transformation


You were on level 2 of the Dungeon.
You were hungry.
One of your tentacles had a temporary spike.
You visited 1 branch of the dungeon, and saw 2 of its levels.

You collected 37 gold pieces.

Inventory:

Missiles
 b - 12 arrows
Scrolls
 e - a scroll of enchant weapon {unknown}
 g - a scroll of enchant armour
 i - a scroll of remove curse
Potions
 j - a potion of restore abilities
Books
 d - a book of Changes

   Spells                             Type                      Level
   a - Beastly Appendage              Transmutation                1
   b - Sticks to Snakes               Transmutation                2
   c - Spider Form                    Transmutation/Poison         3
   d - Ice Form                       Ice/Transmutation            4
   e - Blade Hands                    Transmutation                5
Comestibles
 a - 2 bread rations
 c - a beef jerky
 f - 5 fruits


   Skills:
 - Level 1.0 Fighting
 + Level 3.0 Dodging
 + Level 3.5 Unarmed Combat
 - Level 2.0 Spellcasting
 - Level 2.0 Transmutations


You had 5 spell levels left.
You knew the following spells:

 Your Spells              Type           Power        Failure   Level  Hunger
a - Beastly Appendage     Trmt           #.....       10%         1    #......


Dungeon Overview and Level Annotations

Branches:
Dungeon (2/15)

Altars:

Annotations:
D:2 Ijyb, Sigmund


Innate Abilities, Weirdness & Mutations

You cannot wear most types of armour.
You are amphibious.
You can wear up to eight rings at the same time.
You can use your tentacles to constrict many enemies at once.
Your skin changes colour to match your surroundings (Stealth).
Your rubbery body absorbs attacks (AC +1).
One of your tentacles bears a large vicious spike.


Message History

Sigmund is heavily wounded.
You constrict Sigmund.
Sigmund hits you with a scythe of flaming!
* * * LOW HITPOINT WARNING * * *
Sigmund burns you.
* * * LOW HITPOINT WARNING * * *
Drink which item? (? for menu, Esc to quit)
Okay, then.
Read which item? (? for menu, Esc to quit)
Okay, then.
You tentacle-slap Sigmund.
You pierce Sigmund.
Sigmund is severely wounded.
You constrict Sigmund.
You tentacle-slap Sigmund but do no damage.
You pierce Sigmund, but do no damage.
Sigmund is severely wounded.
Your transformation is almost over.
You constrict Sigmund.
Sigmund hits you with a scythe of flaming.
You die...

. .... ....# ######
...<.# ##....##
g....######....).#
......##..........#
##....@..####....####.
##..####### ##@#......#
###..### ###@....###
.......#######........##
###<##.................#
....###.....##...<.....#
######..##.###...[.....#
#...###...#.........#
#..## ###.........<.#
... ####...)...## #.
#...>.....#


You could see Sigmund.

Vanquished Creatures
  A giant gecko (D:2)
  An ooze (D:1)
  2 bats (D:1)
  7 goblins
  5 hobgoblins (D:1)
  A quokka (D:2)
  A giant cockroach (D:2)
  3 kobolds (D:1)
  4 rats
25 creatures vanquished.

Notes
Turn   | Place    | Note
--------------------------------------------------------------
     0 | D:1      | Kemay, the Octopode Transmuter, began the quest for the Orb.
     0 | D:1      | Reached XP level 1. HP: 13/13 MP: 3/3
   278 | D:1      | Reached XP level 2. HP: 18/18 MP: 2/4
   533 | D:1      | Reached XP level 3. HP: 23/23 MP: 6/6
   791 | D:2      | Noticed Sigmund
  1019 | D:2      | Noticed Ijyb
  1037 | D:2      | Slain by Sigmund

Action                   || total
-------------------------++-------
Melee: Unarmed           ||    64
 Cast: Beastly Appendage ||    11
 Abil: End Transformatio ||     2
  Use: Scroll            ||     6
 Stab: Sleeping          ||     2
